 Dungeon Crawl Stone Soup version 0.26.0-10-g1f06aea511 (webtiles) character file.

Game seed: 10616766077445956186

5019 night the Cleaver (level 10, -1/102 HPs)
             Began as a Deep Dwarf Fighter on Jan 23, 2021.
             Was a Follower of Elyvilon.
             Killed by divine providence
             ... invoked by an orc priest
              (12 damage)
             ... on level 8 of the Dungeon.
             The game lasted 00:19:10 (6466 turns).

night the Cleaver (Deep Dwarf Fighter)              Turns: 6466, Time: 00:19:10

Health: -1/102     AC: 13    Str: 22    XL:     10   Next: 30%
Magic:  5/5        EV:  4    Int: 10    God:    Elyvilon [*.....]
Gold:   242        SH: 15    Dex: 18    Spells: 9/9 levels left

rFire    . . .     SeeInvis +   p - +0 broad axe
rCold    . . .     Faith    .   c - +0 kite shield
rNeg     . . .     Spirit   .   x - +0 plate armour
rPois    .         Reflect  +   (no helmet)
rElec    .         Harm     .   r - +0 cloak
rCorr    .         Rampage  .   u - +0 pair of gloves (curse)
Will     +....                  (no boots)
Stlth    ..........             w - amulet of reflection
HPRegen  0.00/turn              m - ring of see invisible
MPRegen  0.09/turn              f - +6 ring of dexterity

@: marked, non-regenerating
A: damage resistance, heal wounds, sense surroundings 2, no regeneration
a: Heal Wounds, Renounce Religion, Lesser Healing, Divine Protection


You were on level 8 of the Dungeon.
You worshipped Elyvilon.
Elyvilon was aware of your devotion.
You visited 2 branches of the dungeon, and saw 9 of its levels.
You also visited: Ossuary.

You collected 466 gold pieces.
You spent 224 gold pieces at shops.

Inventory:

Hand Weapons
 a - a +0 war axe
 p - a +0 broad axe (weapon)
Armour
 b - a +0 scale mail
 c - a +0 kite shield (worn)
 r - a +0 cloak (worn)
 u - a cursed +0 pair of gloves (worn)
 x - a +0 plate armour (worn)
Jewellery
 f - a +6 ring of dexterity (right hand)
 i - an uncursed ring of protection from fire
 m - a ring of see invisible (left hand)
 w - an amulet of reflection (around neck)
 C - a cursed amulet of inaccuracy {unknown}
Wands
 o - a wand of iceblast (18)
 q - a wand of flame (2)
Scrolls
 g - 3 scrolls of identify
 h - 3 scrolls of remove curse
 l - 2 scrolls of teleportation
 n - 4 scrolls of magic mapping
 s - 3 scrolls of fog
 t - a scroll of amnesia
 v - 3 scrolls of enchant weapon
 y - a scroll of blinking
 A - 3 scrolls of enchant armour
 B - 2 scrolls of immolation
Potions
 d - 3 potions of might
 e - 11 potions of curing
 j - 7 potions of heal wounds
 k - a potion of magic
 z - 2 potions of attraction
 D - 2 potions of flight
 E - 2 potions of mutation
 F - a potion of lignification


   Skills:
 + Level 10.3 Fighting
 + Level 11.8 Axes
 - Level 3.2 Armour
 - Level 3.2 Shields


You had 9 spell levels left.
You didn't know any spells.
Your spell library contained the following spells:

 Spells                   Type           Power        Failure   Level
 Corona                   Hex            0%           100%        1
 Foxfire                  Conj/Fire      0%           100%        1
 Magic Dart               Conj           0%           100%        1
 Sandblast                Erth           0%           100%        1
 Blink                    Tloc           N/A          100%        2
 Call Imp                 Summ           0%           100%        2
 Ensorcelled Hibernation  Hex/Ice        0%           100%        2
 Passwall                 Tmut/Erth      0%           100%        2
 Slow                     Hex            0%           100%        2
 Confusing Touch          Hex            0%           100%        3
 Conjure Flame            Conj/Fire      0%           100%        3
 Dazzling Flash           Conj/Hex       0%           100%        3
 Inner Flame              Hex/Fire       0%           100%        3
 Mephitic Cloud           Conj/Pois/Air  0%           100%        3
 Stone Arrow              Conj/Erth      0%           100%        3
 Tukima's Dance           Hex            0%           100%        3
 Petrify                  Tmut/Erth      0%           100%        4
 Sticky Flame             Conj/Fire      0%           100%        4
 Fireball                 Conj/Fire      0%           100%        5
 Lee's Rapid Deconstruct  Erth           0%           100%        5


Dungeon Overview and Level Annotations

Branches:
Dungeon (8/15)             Temple (1/1) D:7         Ossuary (visited)
   Lair: D:8-11

Altars:
Ashenzari
Cheibriados
Dithmenos
Elyvilon
Fedhas
Gozag
Hepliaklqana
Kikubaaqudgha
Makhleb
Nemelex Xobeh
Okawaru
Qazlal
Ru
Sif Muna
Trog
Uskayaw
Vehumet
Wu Jian
Xom
Yredelemnul
Zin
The Shining One

Shops:
D:5 !

Annotations:
D:7 exclusion: oklob plant


Innate Abilities, Weirdness & Mutations

You are resistant to damage.
You can heal yourself by infusing magical energy.
You passively map the area around you.
You do not regenerate.


Message History

You closely miss the orc warrior.
The orc warrior is severely wounded.
You hit the hound.
You hit the orc priest but do no damage.
You block the hound's attack. You block the orc warrior's attack.
The hound bites you.
The orc priest hits you with a +0 trident.
* * * LOW HITPOINT WARNING * * *
The orc warrior hits you but does no damage.
You slash the orc warrior!
You kill the orc warrior!
You hit the orc priest. You closely miss the hound.
You block the hound's attack. The orc priest barely misses you.
The hound bites you.
You closely miss the orc priest.
The orc priest is severely wounded.
You completely miss the hound. You block the hound's attack.
The orc priest invokes the aid of Beogh against you.
Beogh smites you!
You die...

* , , ≈ ♣.. .......
≈≈P≈P≈, ≈ * ♣.. **.......
≈≈≈≈≈♣≈,. *♣.. .......
≈≈≈≈≈≈....≈≈♣♣..
.......♣≈≈≈≈≈≈.§..≈≈♣...
........♣P≈≈≈≈†§.≈≈≈♣...
*
.........≈≈≈≈≈.§§≈≈♣....
......o)h≈≈≈≈≈≈...≈##...
,......)@#♣≈≈≈≈≈...###...
,
,......†.#♣P≈≈≈≈.........
*
........##P≈P≈≈.........
........##♣≈≈≈♣#........
*
#.......###♣≈♣##........
,
............≈........##.
*
.....(...............##.
,
....#+#####..........##.
,, .... #..........###


You could see a hound and an orc priest.

Vanquished Creatures
  Harold (D:8)
  Joseph (D:7)
  Maggie (D:6)
  Eustachio (D:5)
  Menkaure (D:4)
  Duvessa (D:4)
  An ice beast (D:6)
  A black bear (D:6)
  5 orc warriors
  An ogre (D:7)
  A sky beast (D:5)
  2 centaurs
  A big kobold (D:7)
  Blork the orc (D:4)
  A bullfrog (D:8)
  Dowan (D:4)
  A water moccasin zombie (D:5)
  3 scorpions
  4 electric eels (D:8)
  5 wights (D:7)
  3 hounds
  An orc priest (D:8)
  Crazy Yiuf (D:7)
  11 jellies
  2 bullfrog skeletons
  A human zombie (Ossuary)
  6 orc wizards
  2 centaur skeletons
  Ijyb (D:3)
  6 iguanas
  6 worker ants
  2 big kobold zombies (Ossuary)
  A hound skeleton (D:5)
  5 mummies (Ossuary)
  13 adders
  3 gnolls (D:4)
  2 shadow imps
  2 white imps (D:7)
  An ufetubus (D:7)
  13 oozes
  An adder skeleton (D:7)
  A worm (D:3)
  A dart slug (D:1)
  4 leopard geckos
  12 orcs
  7 giant cockroaches
  6 goblins
  3 hobgoblins
  5 jackals
  5 kobolds
  A quokka (D:5)
  5 ball pythons
  3 bats
  4 frilled lizards
  A giant cockroach zombie (D:6)
  2 gnoll zombies (Ossuary)
  A goblin zombie (D:7)
  2 hobgoblin zombies (Ossuary)
  A kobold zombie (Ossuary)
  2 leopard gecko skeletons
  6 rats
  A rat zombie (D:7)
190 creatures vanquished.

Vanquished Creatures (others)
  An orc wizard (D:7)
  8 fungi (D:7)
  4 plants (D:8)
13 creatures vanquished.

Grand Total: 203 creatures vanquished

Notes
Turn   | Place    | Note
-------+----------+-------------------------------------------
     0 | D:1      | night the Deep Dwarf Fighter began the quest for the Orb.
     0 | D:1      | Reached XP level 1. HP: 20/20 MP: 1/1
   177 | D:1      | Reached XP level 2. HP: 28/28 MP: 2/2
   530 | D:2      | Found a glowing golden altar of the Shining One.
   587 | D:2      | Reached skill level 3 in Axes
   895 | D:2      | Reached XP level 3. HP: 30/34 MP: 3/3
  1146 | D:2      | Reached XP level 4. HP: 39/44 MP: 4/4
  1581 | D:3      | Noticed Ijyb
  1593 | D:3      | Killed Ijyb
  1594 | D:3      | Reached skill level 4 in Axes
  1686 | D:3      | Reached XP level 5. HP: 27/50 MP: 5/5
  2004 | D:4      | Noticed Dowan
  2006 | D:4      | Noticed Duvessa
  2025 | D:4      | Killed Duvessa
  2026 | D:4      | Reached skill level 5 in Axes
  2030 | D:4      | Reached XP level 6. HP: 18/58 MP: 6/6
  2059 | D:4      | Killed Dowan
  2297 | D:4      | Reached skill level 5 in Fighting
  2327 | D:4      | Noticed Blork the orc
  2328 | D:4      | Noticed Menkaure
  2343 | D:4      | Killed Blork the orc
  2388 | D:4      | Killed Menkaure
  2389 | D:4      | Reached skill level 6 in Axes
  2389 | D:4      | Reached XP level 7. HP: 53/67 MP: 7/7
  3168 | D:5      | Entered Level 5 of the Dungeon
  3179 | D:5      | Found Qupui's Distillery.
  3202 | D:5      | Reached skill level 7 in Axes
  3206 | D:5      | Bought a potion of heal wounds for 70 gold pieces
  3206 | D:5      | Bought a potion of curing for 42 gold pieces
  3206 | D:5      | Bought a potion of curing for 42 gold pieces
  3206 | D:5      | Bought a potion of heal wounds for 70 gold pieces
  3425 | D:5      | Reached XP level 8. HP: 41/78 MP: 7/7
  3550 | D:5      | Noticed Eustachio
  3606 | D:5      | Killed Eustachio
  3607 | D:5      | Reached skill level 8 in Axes
  4183 | D:5      | HP: 4/80 [orc warrior/cursed +0 battleaxe (14)]
  4383 | D:6      | Reached skill level 9 in Axes
  4450 | D:6      | Noticed Maggie
  4463 | D:6      | Killed Maggie
  4464 | D:6      | Gained mutation: You passively map the area around you.
                  | [Deep Dwarf growth]
  4464 | D:6      | Reached XP level 9. HP: 50/88 MP: 7/7
  4552 | D:7      | Noticed Joseph
  4568 | D:7      | Killed Joseph
  4636 | D:7      | Reached skill level 10 in Axes
  4768 | D:7      | Found a staircase to the Ecumenical Temple.
  4784 | Temple   | Entered the Ecumenical Temple
  4916 | Temple   | Became a worshipper of Elyvilon the Healer
  5020 | D:7      | Found a sand-covered staircase.
  5034 | Ossuary  | Entered an ossuary
  5581 | D:7      | Noticed an oklob plant
  5599 | D:7      | Reached skill level 11 in Axes
  5629 | D:7      | HP: 3/93 [acid (10)]
  5968 | D:7      | Found a runed translucent door.
  5969 | D:7      | Noticed Crazy Yiuf
  5974 | D:7      | Killed Crazy Yiuf
  6102 | D:7      | Reached XP level 10. HP: 37/102 MP: 7/7
  6308 | D:8      | HP: 3/102 [electric eel/bolt of electricity (3)]
  6338 | D:8      | Reached * piety under Elyvilon
  6360 | D:8      | Noticed Harold
  6395 | D:8      | Killed Harold
  6396 | D:8      | Reached skill level 10 in Fighting
  6466 | D:8      | Killed from afar by an orc priest

Illustrated notes

Levels and vault maps discovered:
D:1:      wander_arrival_fairy_ring, layout_basic
D:2:      layout_basic, lemuel_coloured_pillars_altar, minmay_misc_feat_x,
          minmay_tall_x
D:3:      layout_rooms, uniq_ijyb
D:4:      wad_crossroads, layout_basic, uniq_menkaure, uniq_blork_the_orc,
          uniq_duvessa
D:5:      layout_loops_ring, serial_shops, shop, uniq_eustachio
D:6:      layout_basic, uniq_maggie
D:7:      lemuel_slime, layout_basic, minmay_temple_entry_arrows,
          enter_ossuary_4, minmay_fractal_squares_gapless_5,
          uniq_crazy_yiuf_cottage, uniq_joseph
D:8:      layout_basic, serial_bayou, serial_bayou_ford_a, serial_bayou_pond_b,
          serial_bayou_pond_b, serial_bayou_shore_b,
          hellmonk_ghost_happy_afterlife, grunt_livestock, zaba_anthole,
          uniq_harold, uniq_pikel
Temple:   kilobyte_greek_temple

Skill      XL: |  1  2  3  4  5  6  7  8  9 10 |
---------------+-------------------------------+-----
Fighting       | 3 4 5 6 8 9 10 | 10.3
Axes           | 3 4 5 6 7 9 11 | 11.8
Armour         | |  3.2
Shields        | |  3.2

Action                   |  1- 3 |  4- 6 |  7- 9 | 10-12 || total
-------------------------+-------+-------+-------+-------++-------
Melee: War axe           |    66 |   133 |   418 |       ||   617
       Broad axe         |       |       |    57 |    43 ||   100
 Abil: Heal Wounds       |       |     4 |    14 |     5 ||    23
Evoke: Wand              |       |     1 |     3 |     7 ||    11
  Use: Scroll            |     3 |     2 |    15 |       ||    20
       Potion            |       |       |     4 |       ||     4
Armor: Scale mail        |    24 |    62 |       |       ||    86
       Plate armour      |       |       |   182 |    25 ||   207
Dodge: Dodged            |    24 |    41 |    40 |     5 ||   110
Block: Kite shield       |    41 |    75 |   352 |    33 ||   501
       Reflection        |       |       |    10 |       ||    10
